 Dungeon Crawl Stone Soup version 0.26-a0-215-g1b87330c0f (webtiles) character file.

Game seed: 5662219888520859852

352740 Ijustatesigmund the Severer (level 22, -13/164 HPs)
             Began as an Octopode Gladiator on July 3, 2020.
             Was the Champion of Cheibriados.
             Killed from afar by a deep elf mage (25 damage)
             ... with a bolt of magma
             ... on level 3 of the Elven Halls on July 6, 2020.
             The game lasted 01:53:16 (39428 turns).

Ijustatesigmund the Severer (Octopode Gladiator)   Turns: 39428, Time: 01:53:18

Health: -13/164    AC: 15    Str: 38    XL:     22   Next: 26%
Magic:  29/34      EV: 37    Int: 31    God:    Cheibriados [******]
Gold:   1771       SH: 22    Dex: 34    Spells: 16/21 levels left

rFire    + . .     SeeInvis +   a - +9 war axe (flame)
rCold    + . .     Faith    .   Q - +5 kite shield {reflect}
rNeg     . . .     Spirit   .   b - +2 hat
rPois    .         Reflect  +   y - amulet "Jyadorgh" {rElec MR+ Regen+ SInv}
rElec    +         Harm     .   f - +4 ring of evasion
rCorr    .                      E - ring of Aqonk {rF+ rC+ Str+6 Int+3}
MR       ++...                  K - +4 ring of protection
Stlth    ++++++++..             Z - +4 ring of slaying
HPRegen  0.77/turn              R - +4 ring of slaying
MPRegen  0.24/turn              Y - +4 ring of protection
                                i - +4 ring of protection
                                N - +4 ring of evasion

@: drained, very slow
A: almost no armour, stealthy swim, amphibious, 8 rings, constrict 8, fangs 1,
camouflage 1, strong 1, gelatinous body 1
}: 2/15 runes: barnacled, gossamer
a: Bend Time, Temporal Distortion, Slouch, Step From Time, Renounce Religion


You were on level 3 of the Elven Halls.
You worshipped Cheibriados.
Cheibriados was exalted by your worship.
You were not hungry.

You visited 8 branches of the dungeon, and saw 39 of its levels.
You visited 1 bazaar.
You also visited: Ice Cave.

You collected 4181 gold pieces.
You spent 2410 gold pieces at shops.

Inventory:

Hand Weapons
 a - a +9 war axe of flaming (weapon)
 V - a +2 broad axe of freezing
Missiles
 c - 15 throwing nets
 H - 16 curare-tipped darts
 J - 19 atropa-tipped darts (quivered)
 P - 13 silver boomerangs
Armour
 b - a +2 hat (worn)
 w - the +1 kite shield of Fabulous Joy {rElec MP+9 Slay+5}
   (You found it on level 6 of the Dungeon)

   It affects your accuracy and damage with ranged weapons and melee attacks
   (+5).
   It insulates you from electricity.
   It affects your magic capacity (+9).
 Q - a +5 kite shield of reflection (worn)
Jewellery
 f - a +4 ring of evasion (left tentacle)
 i - a +4 ring of protection (on tentacle)
 y - the amulet "Jyadorgh" (around mantle) {rElec MR+ Regen+ SInv}
   (You found it on level 7 of the Dungeon)

   [amulet of regeneration]

   It insulates you from electricity.
   It affects your resistance to hostile enchantments.
   It lets you see invisible.
   It increases your rate of regeneration.
 A - an uncursed ring of positive energy
 E - the ring of Aqonk (right tentacle) {rF+ rC+ Str+6 Int+3}
   (You found it on level 9 of the Dungeon)

   [ring of strength]

   It affects your strength (+6).
   It affects your intelligence (+3).
   It protects you from fire.
   It protects you from cold.
 I - the ring "Jekawa Viby" {Ice Slay+3 Stlth+}
   (You found it on level 4 of the Shoals)

   [ring of ice]

   It enhances your ice magic.
   It affects your accuracy and damage with ranged weapons and melee attacks
   (+3).
   It makes you vulnerable to fire.
   It protects you from cold.
   It makes you more stealthy.
 K - a +4 ring of protection (on tentacle)
 L - an uncursed ring of resist corrosion
 N - a +4 ring of evasion (on tentacle)
 O - an uncursed ring of protection from cold
 R - a +4 ring of slaying (on tentacle)
 S - the ring of Focaivvo {rPois rN+ MP+9}
   (You found it on level 4 of the Shoals)

   [ring of magical power]

   It protects you from poison.
   It protects you from negative energy.
   It affects your magic capacity (+9).
 W - an uncursed ring of protection from cold
 X - an uncursed ring of protection from fire
 Y - a +4 ring of protection (on tentacle)
 Z - a +4 ring of slaying (on tentacle)
Wands
 h - a wand of clouds (6)
 l - a wand of enslavement (24)
 o - a wand of flame (70)
 p - a wand of acid (7)
 C - a wand of digging (20)
 U - a wand of iceblast (1)
Scrolls
 k - 20 scrolls of remove curse
 n - 6 scrolls of magic mapping
 q - 2 scrolls of enchant armour
 s - 2 scrolls of blinking
 v - 9 scrolls of teleportation
 D - 5 scrolls of immolation
 G - 3 scrolls of fog
 M - a scroll of holy word
 T - 10 scrolls of identify
Potions
 e - 2 potions of invisibility
 g - 2 potions of resistance
 m - 4 potions of cancellation
 r - 7 potions of flight
 t - 6 potions of mutation
 x - 4 potions of stabbing
 z - 4 potions of brilliance
 B - 11 potions of curing
 F - 2 potions of might
Miscellaneous
 j - 2 phantom mirrors
Comestibles
 d - 43 rations


   Skills:
 + Level 17.9(16.5) Fighting
 + Level 18.0(16.7) Axes
 + Level 7.5(6.5) Throwing
 + Level 13.9(12.6) Dodging
 - Level 15.9(14.6) Stealth
 + Level 13.7(12.4) Shields
 - Level 4.1(3.1) Summonings
 - Level 5.3(4.3) Translocations
 + Level 16.7(15.3) Invocations
 - Level 8.3(7.2) Evocations


You had 16 spell levels left.
You knew the following spells:

 Your Spells              Type           Power        Failure   Level
a - Apportation           Tloc           ####..       2%          1
b - Lesser Beckoning      Tloc           ####......   6%          3
c - Summon Butterflies    Summ           ###.....     3%          1

Your spell library contained the following spells:

 Spells                   Type           Power        Failure   Level
 Gell's Gravitas          Tloc           ####......   6%          3
 Shroud of Golubria       Chrm/Tloc      ##....       8%          2
 Beastly Appendage        Tmut           #.....       12%         1
 Corona                   Hex            #......      12%         1
 Foxfire                  Conj/Fire      #...         12%         1
 Freeze                   Ice            #...         12%         1
 Infusion                 Chrm           #...         12%         1
 Magic Dart               Conj           #...         12%         1
 Sandblast                Erth           #.....       12%         1
 Portal Projectile        Hex/Tloc       ##....       16%         3
 Corpse Rot               Necr/Air       N/A          19%         2
 Ensorcelled Hibernation  Hex/Ice        #.....       19%         2
 Passwall                 Tmut/Erth      #.......     19%         2
 Searing Ray              Conj           #.....       19%         2
 Slow                     Hex            #.......     19%         2
 Song of Slaying          Chrm           #.......     19%         2
 Sticks to Snakes         Tmut           #.......     19%         2
 Sublimation of Blood     Necr           #.........   19%         2
 Confusing Touch          Hex            #.......     36%         3
 Conjure Flame            Conj/Fire      #.......     36%         3
 Dazzling Flash           Conj/Hex       #.....       36%         3
 Frozen Ramparts          Ice            #.....       36%         3
 Inner Flame              Hex/Fire       #.......     36%         3
 Ozocubu's Armour         Chrm/Ice       #.......     36%         3
 Spectral Weapon          Hex/Chrm       #.......     36%         3
 Spider Form              Tmut/Pois      #.........   36%         3
 Static Discharge         Conj/Air       #.......     36%         3
 Stone Arrow              Conj/Erth      #.....       36%         3
 Tukima's Dance           Hex            #.......     36%         3
 Iskenderun's Mystic Bla  Conj/Tloc      ##......     45%         4
 Summon Ice Beast         Ice/Summ       #.......     54%         4
 Cause Fear               Hex            #.........   77%         4
 Dispel Undead            Necr           #.......     77%         4
 Fulminant Prism          Conj/Hex       #.........   77%         4
 Hailstorm                Conj/Ice       #.......     77%         4
 Ice Form                 Ice/Tmut       #.......     77%         4
 Leda's Liquefaction      Hex/Erth       #.........   77%         4
 Petrify                  Tmut/Erth      #.......     77%         4
 Sticky Flame             Conj/Fire      #.......     77%         4
 Agony                    Necr           #.......     98%         5
 Alistair's Intoxication  Tmut/Pois      #.......     98%         5
 Blade Hands              Tmut           #.........   98%         5
 Excruciating Wounds      Chrm/Necr      #.........   98%         5
 Fireball                 Conj/Fire      #.........   98%         5
 Lee's Rapid Deconstruct  Erth           #.........   98%         5
 Lightning Bolt           Conj/Air       #.........   98%         5
 Metabolic Englaciation   Hex/Ice        #.........   98%         5
 Yara's Violent Unravell  Hex/Tmut       #.........   98%         5
 Freezing Cloud           Conj/Ice/Air   #.........   100%        6
 Invisibility             Hex            #.......     100%        6
 Ozocubu's Refrigeration  Ice            #.........   100%        6
 Simulacrum               Ice/Necr       #.........   100%        6
 Ignition                 Fire           #.........   100%        8
 Shatter                  Erth           #.........   100%        9
 Tornado                  Air            #.........   100%        9


Dungeon Overview and Level Annotations

Branches:
Dungeon (15/15)            Temple (1/1) D:7            Lair (6/6) D:8
 Shoals (4/4) Lair:2       Spider (4/4) Lair:2        Slime (0/5) Lair:5
    Orc (2/2) D:11            Elf (3/3) Orc:2        Vaults (4/5) D:13
  Crypt (0/3) Vaults:3     Depths (0/5) D:15          IceCv (visited)

Altars:
Ashenzari
Cheibriados
Dithmenos
Elyvilon
Fedhas
Gozag
Hepliaklqana
Kikubaaqudgha
Makhleb
Nemelex Xobeh
Okawaru
Qazlal
Ru
Sif Muna
Trog
Uskayaw
Vehumet
Wu Jian
Xom
Yredelemnul
Zin
The Shining One

Shops:
D:6 :   D:13 %   Orc:2 =[?==   Elf:1 (   Elf:2 %   Elf:3 =}=   Shoals:1 [

Portals:
Trove: D:14 (give 11 potions of heal wounds)

Annotations:
D:15 1 runed translucent door, Noafilat's ghost, journeyman MiFi
Lair:2 exclusion: 3 oklob plants
Spider:1 1 transporter


Innate Abilities, Weirdness & Mutations

You cannot wear most types of armour.
You are very stealthy in the water. (Stealth+)
You are amphibious.
You can wear up to eight rings at the same time.
You can use your tentacles to constrict eight enemies at once.
Your skin changes colour to match your surroundings (Stealth+).
Your rubbery body absorbs attacks. (AC +1, EV +1)
You have very sharp teeth.
Your muscles are strong. (Str +2)


Message History

The lost soul fades away!
You destroy the crawling corpse!
You feel somewhat more hungry.
Casting: Lesser Beckoning (mildly dangerous; 6% risk of failure)
Confirm with . or Enter, or press ? or * to list all spells.
The deep elf mage points at you and mumbles some strange words.
The stone arrow misses you. The deep elf mage casts a spell at you.
The bolt of magma misses you.
The earth elemental completely misses your butterfly. x2
The small abomination closely misses your butterfly.
You see here a +0 long sword.
The deep elf mage points at you and mumbles some strange words.
The stone arrow hits you!
* * * LOW HITPOINT WARNING * * *
The small abomination hits your butterfly!
Your butterfly dies!
The deep elf mage gestures at you while chanting.
The bolt of magma hits you!! You partially resist.
You die...

#......#*,**,,,,,,,,,,,,,,,,,,***
#......#*,*,,,,,,....)....,,,,,*,
#).....#*,+,,,,,,,.⌠..⌠/..,,,,,+,
#......#*,*,,,,,,,.......,,,,,,*,
'......#*,**,,,,,,,.....,,,,,,**,
#......#*,**#,######((######,**,,
######+#*,* #.#.(.≈be)≈≈...##*,,,
.......#*,**#...b.§§E)≈≈.....,,,,
######.#*,,,**#.@)b≈E.≈≈e..#****,
#<#*,,,* #...≈≈xb≈≈)..#****,
#####.#*,,,* ######).######,,,,,
##....)#***+*******#..#*********,
##..##.#*,,,,,,,,,*#..#*,,,,,,,,,
.+.....#*,,,,,,,,,*#..#*,,,,,,,,,
.#..####*,,,,,,,,,*#..#*,,,,,,,,,
.#..# *,,,,,,,,,*#..#*,,,,,,,,,
.#''## ***********#≈≈#**********


You could see 2 earth elementals, a deep elf mage (empowered) and a small
abomination.

Vanquished Creatures
  Mara (Shoals:3)
  Frederick (Vaults:4)
  Arachne (Spider:2)
  Rupert (D:13)
  Jorgrun (D:12)
  Asterion (Spider:2)
  A sphinx (Vaults:1)
  Gastronok (D:10)
  2 krakens
  Agnes (Vaults:4)
  An ancient champion (Vaults:4)
  Donald (Vaults:2)
  The ghost of Lofupn the Imperceptible, an adept SpEn of Wu Jian (Vaults:2)
  2 frost giants
  3 ghost moths (Spider:4)
  4 deep elf sorcerers
  4 fire giants
  5 vault wardens
  7 emperor scorpions
  3 deep elf elementalists (Elf:3)
  8 ironheart preservers
  3 spriggan defenders (Vaults:4)
  2 stone giants (Vaults:2)
  5 entropy weavers
  Nessos (Lair:6)
  2 deep elf annihilators
  2 deep elf demonologists (Elf:3)
  3 spark wasps
  3 ettins
  5 deep elf death magi
  A crystal guardian (Vaults:4)
  3 merfolk javelineers
  6 merfolk impalers
  10 yaktaur captains
  3 great orbs of eyes
  A deep elf high priest (Elf:3)
  14 hydras
  8 vault guards (Vaults:1)
  A catoblepas (D:15)
  4 rakshasas
  An ice dragon (Vaults:3)
  A merfolk avatar (Shoals:4)
  6 centaur warriors
  23 two-headed ogres
  A deep troll shaman (Vaults:4)
  2 satyrs
  28 dancing weapons
  3 merfolk aquamancers (Shoals:3)
  A tengu warrior (D:15)
  7 ogre magi
  A death yak (IceCv)
  3 orc high priests (Orc:2)
  A deep troll earth mage (Vaults:4)
  5 spriggan berserkers (Elf:2)
  Sonja (D:10)
  Nergalle (D:11)
  16 deep elf knights
  A shadow wraith (Vaults:2)
  A fire crab (shapeshifter) (D:14)
  8 sea snakes
  5 deep trolls
  A sea snake (shapeshifter) (Elf:3)
  12 deep elf archers
  4 unseen horrors
  7 ironbrand convokers
  A glowing orange brain (Vaults:4)
  3 wizards (Vaults:3)
  2 lindwurms
  A harpy (shapeshifter) (Elf:2)
  56 deep elf magi
  A lindwurm (shapeshifter) (Elf:3)
  22 harpies
  16 orb spiders
  30 wolf spiders
  A mana viper (shapeshifter) (Vaults:3)
  17 orc knights
  56 ugly things
  A moth of wrath (Spider:4)
  11 fauns
  7 orc sorcerers
  8 manticores
  9 cyclopes
  15 merfolk sirens
  3 black mambas
  Psyche (D:8)
  8 vault sentinels
  An ice statue (IceCv)
  5 water nymphs
  4 gargoyles
  4 torpor snails
  An eye of devastation (shapeshifter) (Vaults:2)
  A water nymph (shapeshifter) (D:13)
  29 yaktaurs
  16 cane toads
  12 komodo dragons
  A redback zombie (D:14)
  A tengu conjurer (D:15)
  11 demonic crawlers
  An efreet (D:14)
  3 ice devils
  28 merfolk
  A meliai (shapeshifter) (Vaults:2)
  A queen bee (shapeshifter) (D:13)
  4 meliai
  9 trolls
  16 hornets
  27 polar bears
  28 jumping spiders
  A sphinx simulacrum (Vaults:2)
  4 wind drakes
  14 blink frogs
  A blink frog (shapeshifter) (D:13)
  Prince Ribbit (D:6)
  17 dream sheep
  12 hippogriffs
  A hippogriff (shapeshifter) (Vaults:4)
  13 snapping turtles
  A shadow (D:13)
  17 slime creatures
  An air elemental (Elf:3)
  20 water elementals
  92 redbacks
  3 wyverns
  9 spriggans (Lair:6)
  27 tarantellas
  3 wraiths
  A vampire (D:15)
  7 basilisks
  53 yaks
  A wyvern (shapeshifter) (D:13)
  A fire elemental (Elf:3)
  A hungry ghost (D:13)
  Grum (D:9)
  3 steam dragons
  9 vampire mosquitoes
  A soldier ant (D:15)
  3 wargs
  6 acid dragons
  6 water moccasins
  11 porcupines
  2 ice beasts
  29 orc warriors
  3 black bears
  A hornet zombie (D:13)
  An eye of draining (D:13)
  4 phantoms
  24 ogres
  4 sky beasts
  37 wolves
  8 boggarts
  13 centaurs
  11 crocodiles
  A big kobold (D:11)
  16 bullfrogs
  2 earth elementals
  17 orc priests
  A glowing shapeshifter simulacrum (Vaults:3)
  3 wyvern skeletons
  A scorpion (D:7)
  8 jellies
  17 wights
  8 howler monkeys
  4 electric eels
  3 bullfrog zombies
  A human simulacrum (Vaults:2)
  3 centaur zombies
  4 crimson imps (D:14)
  A quasit (D:13)
  6 hounds
  6 centaur skeletons
  Crazy Yiuf (D:7)
  A bullfrog skeleton (D:5)
  A gnoll shaman (D:8)
  4 iguanas
  14 worker ants
  31 orc wizards
  2 bullfrog simulacra (D:9)
  2 hound zombies
  7 gnolls
  6 adders
  3 shadow imps
  8 white imps
  3 ufetubi (D:9)
  2 oozes
  2 adder zombies
  3 worms
  2 dart slugs (D:1)
  4 leopard geckos
  100 orcs
  2 ball pythons
  3 giant cockroaches
  9 hobgoblins
  7 jackals
  4 quokkas
  6 bats
  6 frilled lizards
  5 goblins
  12 kobolds
  A leopard gecko skeleton (D:8)
  A quokka skeleton (D:6)
  6 rats
  A crawling corpse (Elf:3)
  3 fungi
  5 plants
  4 tentacles (Shoals:3)
1591 creatures vanquished.

Vanquished Creatures (collateral kills)
  A faun (Shoals:4)
  An orb spider (Spider:4)
  2 gnolls (D:7)
  An orc (D:7)
5 creatures vanquished.

Vanquished Creatures (others)
  2 deep elf knights
  An orb spider (Spider:3)
  2 deep elf magi
  A snapping turtle (Shoals:4)
  3 wolves (IceCv)
  A gnoll sergeant (D:7)
  An orc priest (Orc:2)
  A hound (D:7)
  29 fungi
  15 plants
  4 tentacles (Shoals:3)
60 creatures vanquished.

Grand Total: 1656 creatures vanquished

Notes
Turn   | Place    | Note
-------+----------+-------------------------------------------
     0 | D:1      | Ijustatesigmund the Octopode Gladiator began the quest for
                  | the Orb.
     0 | D:1      | Reached XP level 1. HP: 14/14 MP: 1/1
   254 | D:1      | Reached XP level 2. HP: 20/20 MP: 2/2
   646 | D:1      | Reached XP level 3. HP: 23/25 MP: 3/3
  1422 | D:2      | Reached skill level 4 in Axes
  1422 | D:2      | Reached XP level 4. HP: 28/31 MP: 4/4
  1862 | D:3      | Found a stormy altar of Qazlal.
  2433 | D:4      | Reached XP level 5. HP: 34/37 MP: 5/5
  2616 | D:4      | Found an ancient bone altar of Kikubaaqudgha.
  2760 | D:5      | Entered Level 5 of the Dungeon
  2773 | D:5      | Noticed a sky beast
  2780 | D:5      | Killed a sky beast
  2780 | D:5      | Reached skill level 5 in Axes
  2780 | D:5      | Reached XP level 6. HP: 24/44 MP: 6/6
  2934 | D:5      | Reached skill level 5 in Fighting
  2976 | D:5      | Reached XP level 7. HP: 40/50 MP: 1/7
  3045 | D:5      | Reached skill level 6 in Axes
  3416 | D:5      | Found a shattered altar of Ashenzari.
  3767 | D:6      | Found a radiant altar of Vehumet.
  3784 | D:6      | Noticed Prince Ribbit
  3794 | D:6      | Killed Prince Ribbit
  3794 | D:6      | Reached XP level 8. HP: 28/58 MP: 8/8
  3892 | D:6      | Reached skill level 7 in Axes
  4079 | D:7      | Gained mutation: You have very sharp teeth. [potion of
                  | mutation]
  4079 | D:7      | Gained mutation: Your muscles are strong. (Str +2) [potion
                  | of mutation]
  4082 | D:7      | HP: 1/60 [orc wizard/magic dart (7)]
  4083 | D:7      | Reached skill level 5 in Dodging
  4290 | D:7      | Reached XP level 9. HP: 53/64 MP: 9/9
  4359 | D:7      | Got a translucent sapphire amulet
  4413 | D:7      | Noticed a hornet
  4414 | D:7      | Found a staircase to the Ecumenical Temple.
  4422 | D:7      | Killed a hornet
  4422 | D:7      | Reached skill level 8 in Axes
  4483 | Temple   | Entered the Ecumenical Temple
  5085 | D:7      | Found a runed translucent door.
  5086 | D:7      | Noticed Crazy Yiuf
  5093 | D:7      | Paralysed by Crazy Yiuf for 4 turns
  5097 | D:7      | Killed Crazy Yiuf
  5306 | D:6      | Got a smoking kite shield
  5312 | D:6      | Identified the +1 kite shield of Fabulous Joy {rElec MP+9
                  | Slay+5} (You found it on level 6 of the Dungeon)
  5535 | D:6      | Noticed a troll
  5785 | D:6      | Reached skill level 1 in Shields
  5972 | D:6      | Killed a troll
  6086 | D:6      | Found Yteawin's Book Shoppe.
  6270 | D:8      | Noticed a troll
  6275 | D:8      | Reached skill level 9 in Axes
  6281 | D:8      | Killed a troll
  6352 | D:8      | Noticed Psyche
  6357 | D:8      | Killed Psyche
  6357 | D:8      | Reached XP level 10. HP: 67/74 MP: 10/10
  6754 | D:8      | Found a snail-covered altar of Cheibriados.
  6757 | D:8      | Became a worshipper of Cheibriados the Contemplative
  6838 | D:8      | Identified the amulet "Jyadorgh" {rElec MR+ Regen+ SInv}
                  | (You found it on level 7 of the Dungeon)
  6858 | D:8      | Reached skill level 1 in Invocations
  7156 | D:8      | Reached * piety under Cheibriados
  7603 | D:8      | Found a staircase to the Lair.
  7786 | D:8      | Reached skill level 10 in Axes
  7786 | D:8      | Reached skill level 5 in Shields
  7868 | D:9      | Got a crude hunting sling
  7869 | D:9      | Identified the +6 hunting sling of Usimoss {vorpal,
                  | *Corrode Dex+5} (You found it on level 9 of the Dungeon)
  8021 | D:9      | Reached ** piety under Cheibriados
  8039 | D:9      | Reached XP level 11. HP: 68/81 MP: 14/14
  8044 | D:9      | Reached skill level 10 in Fighting
  8314 | D:9      | Noticed Grum
  8321 | D:9      | Killed Grum
  8326 | D:9      | Reached skill level 5 in Invocations
  8538 | D:9      | Got a clouded turquoise ring
  8668 | D:10     | Entered Level 10 of the Dungeon
  8902 | D:10     | Noticed Gastronok
  8919 | D:10     | Killed Gastronok
  9000 | D:10     | Noticed an unseen horror
  9014 | D:10     | Killed an unseen horror
  9044 | D:10     | Reached *** piety under Cheibriados
  9160 | D:10     | Noticed a cyclops
  9172 | D:10     | Noticed an ogre mage
  9175 | D:10     | Noticed a tengu warrior
  9176 | D:10     | Noticed a deep elf mage
  9176 | D:10     | Noticed a manticore
  9185 | D:10     | Noticed a cyan ugly thing
  9187 | D:10     | Noticed Sonja
  9197 | D:10     | Killed Sonja
  9197 | D:10     | Reached skill level 11 in Axes
  9433 | D:10     | Identified the ring "Qyhynn Istra" {Ice rElec rPois Int-5
                  | Stlth+}
  9551 | D:11     | Noticed Nergalle
  9620 | D:11     | Killed Nergalle
  9668 | D:11     | Reached XP level 12. HP: 78/89 MP: 17/17
  9678 | D:11     | Reached **** piety under Cheibriados
  9693 | D:11     | Found a gateway to a bazaar.
  9720 | Bazaar   | Entered a bazaar
  9751 | Bazaar   | Found Ofait's Jewellery Emporium.
  9759 | Bazaar   | Bought a +4 ring of protection for 432 gold pieces
  9759 | Bazaar   | Bought an uncursed ring of resist corrosion for 240 gold
                  | pieces
  9759 | Bazaar   | Identified the ring of Aqonk {rF+ rC+ Str+6 Int+3} (You
                  | found it on level 9 of the Dungeon)
  9847 | Bazaar   | Found Lustrichu's Gadget Boutique.
  9857 | Bazaar   | Found Mapoprac's Book Shop.
  9871 | Bazaar   | Found Ceohil's Book Boutique.
  9887 | Bazaar   | Found Ystahecs's Antique Armour Shoppe.
 10198 | D:11     | Found a staircase to the Orcish Mines.
 10996 | D:12     | Noticed a centaur warrior
 10996 | D:12     | Noticed a four-headed hydra
 11182 | Lair:1   | Entered Level 1 of the Lair of Beasts
 11390 | Lair:1   | Noticed an eight-headed hydra
 11396 | Lair:1   | Killed a five-headed hydra
 11639 | Lair:1   | Reached ***** piety under Cheibriados
 11644 | Lair:1   | Reached skill level 12 in Axes
 12126 | Lair:2   | Reached skill level 1 in Stealth
 12139 | Lair:2   | Found a staircase to the Shoals.
 12240 | Lair:2   | Reached XP level 13. HP: 96/96 MP: 19/19
 12660 | D:11     | Reached skill level 5 in Stealth
 12691 | D:12     | Noticed Jorgrun
 12918 | D:12     | Killed Jorgrun
 12918 | D:12     | Reached skill level 5 in Throwing
 13645 | D:13     | Noticed Rupert
 13657 | D:13     | Killed Rupert
 13662 | D:13     | Found a gate to the Vaults.
 13974 | D:13     | Reached ****** piety under Cheibriados
 14132 | D:13     | Got a transparent hand axe
 14133 | D:13     | Identified the +7 hand axe "Toisk" {vorpal, rPois rC+} (You
                  | found it on level 13 of the Dungeon)
 14274 | D:13     | Found Naroriekh's Food Shoppe.
 14628 | D:13     | Reached XP level 14. HP: 103/103 MP: 20/20
 14900 | D:14     | Found a portal to a secret trove of treasure.
 15338 | D:14     | Reached skill level 10 in Invocations
 15630 | D:15     | Entered Level 15 of the Dungeon
 15642 | D:15     | Reached skill level 10 in Shields
 15787 | D:15     | Reached skill level 13 in Axes
 16011 | D:15     | Found a staircase to the Depths.
 16013 | D:15     | Noticed a fire giant
 16138 | D:15     | Found a runed translucent door.
 16140 | D:15     | Noticed Noafilat's ghost (journeyman MiFi)
 16149 | D:15     | Reached XP level 15. HP: 109/110 MP: 23/23
 16880 | D:15     | Killed a fire giant
 17427 | Lair:2   | Found a hole to the Spider Nest.
 18864 | Lair:4   | Found a frozen archway.
 18879 | IceCv    | Entered an ice cave
 19360 | IceCv    | Noticed a frost giant
 19380 | IceCv    | Reached skill level 14 in Axes
 19381 | IceCv    | Killed a frost giant
 20398 | Lair:5   | Found a staircase to the Slime Pits.
 20772 | Lair:5   | Upgraded the game from 0.26-a0-163-g6c8a0bf695 to
                  | 0.26-a0-215-g1b87330c0f
 20934 | Lair:6   | Entered Level 6 of the Lair of Beasts
 21124 | Lair:6   | Reached XP level 16. HP: 63/119 MP: 25/25
 21477 | Lair:6   | Noticed Nessos
 21495 | Lair:6   | Killed Nessos
 21495 | Lair:6   | Reached skill level 1 in Evocations
 22346 | Orc:1    | Entered Level 1 of the Orcish Mines
 22693 | Orc:2    | Entered Level 2 of the Orcish Mines
 22789 | Orc:2    | Found a staircase to the Elven Halls.
 22879 | Orc:2    | Found Gaq Rooc's Jewellery Boutique.
 22936 | Orc:2    | Found Vunwuvvoph's Jewellery Boutique.
 23012 | Orc:2    | Reached skill level 10 in Stealth
 23079 | Orc:2    | Reached skill level 5 in Evocations
 23096 | Orc:2    | Found Bitzyfep's Jewellery Emporium.
 23104 | Orc:2    | Found Bukuwad's Armour Emporium.
 23113 | Orc:2    | Found Geun's Magic Scroll Boutique.
 23121 | Orc:2    | Bought a scroll of teleportation for 36 gold pieces
 23121 | Orc:2    | Bought a scroll of identify for 24 gold pieces
 23121 | Orc:2    | Bought a scroll of identify for 24 gold pieces
 23121 | Orc:2    | Bought a scroll of teleportation for 36 gold pieces
 23121 | Orc:2    | Bought a scroll of blinking for 90 gold pieces
 23133 | Orc:2    | Bought a +4 ring of evasion for 396 gold pieces
 23133 | Orc:2    | Bought a +4 ring of slaying for 858 gold pieces
 23645 | Shoals:1 | Entered Level 1 of the Shoals
 23660 | Shoals:1 | Found Pad Renu's Antique Armour Boutique.
 24179 | Shoals:1 | Identified the +1 demon blade of Absolution {pain, *Corrode
                  | rC+++ rN+++ Dex-3} (You found it on level 1 of the Shoals)
 24537 | Shoals:2 | Noticed a kraken
 24546 | Shoals:2 | Killed a kraken
 24674 | Shoals:2 | Reached XP level 17. HP: 118/125 MP: 26/26
 25244 | Shoals:3 | Noticed Mara
 25254 | Shoals:3 | Noticed Ijustatesigmund's illusion
 25261 | Shoals:3 | Killed Mara
 25506 | Shoals:3 | Found a shimmering altar of Xom.
 25513 | Shoals:3 | Noticed a kraken
 25542 | Shoals:3 | Killed a kraken
 26005 | Shoals:3 | Found Vaostriody's Magic Scroll Boutique.
 26013 | Shoals:3 | Bought a scroll of identify for 28 gold pieces
 26013 | Shoals:3 | Bought a scroll of enchant weapon for 105 gold pieces
 26013 | Shoals:3 | Bought a scroll of teleportation for 42 gold pieces
 26013 | Shoals:3 | Bought a scroll of teleportation for 42 gold pieces
 26312 | Shoals:4 | Entered Level 4 of the Shoals
 26437 | Shoals:4 | Learned a level 1 spell: Apportation
 26492 | Shoals:4 | Reached skill level 1 in Translocations
 26501 | Shoals:4 | Got a barnacled rune of Zot
 26628 | Shoals:4 | Reached skill level 15 in Axes
 26681 | Shoals:4 | Identified the ring "Jekawa Viby" {Ice Slay+3 Stlth+} (You
                  | found it on level 4 of the Shoals)
 27451 | Shoals:4 | Reached skill level 15 in Fighting
 27577 | Shoals:4 | Identified the ring of Focaivvo {rPois rN+ MP+9} (You found
                  | it on level 4 of the Shoals)
 27676 | Shoals:4 | Reached skill level 10 in Dodging
 27926 | Spider:1 | Entered Level 1 of the Spider Nest
 27957 | Spider:1 | Reached XP level 18. HP: 134/134 MP: 28/28
 28085 | Spider:1 | Found a transporter.
 28086 | Spider:1 | Found a transporter.
 28087 | Spider:1 | Found a transporter.
 28090 | Spider:1 | Found a transporter.
 28090 | Spider:1 | Found a transporter.
 29252 | Spider:2 | You fall into a shaft and drop 1 floor!
 29272 | Spider:4 | Entered Level 4 of the Spider Nest
 29481 | Spider:3 | Reached skill level 15 in Stealth
 30426 | Spider:3 | Learned a level 3 spell: Lesser Beckoning
 30830 | Spider:4 | Reached XP level 19. HP: 125/140 MP: 29/29
 31157 | Spider:4 | Got a gossamer rune of Zot
 31358 | Spider:2 | Noticed Arachne
 31377 | Spider:2 | Killed Arachne
 31458 | Spider:2 | Noticed Asterion
 31464 | Spider:2 | Reached skill level 16 in Axes
 31469 | Spider:2 | Killed Asterion
 32108 | Vaults:1 | Entered Level 1 of the Vaults
 32667 | Vaults:1 | Reached skill level 15 in Invocations
 32768 | Vaults:1 | Found a white marble altar of Elyvilon.
 33131 | Vaults:2 | Reached XP level 20. HP: 128/149 MP: 31/31
 33155 | Vaults:2 | Learned a level 1 spell: Summon Butterflies
 33190 | Vaults:2 | Reached skill level 1 in Summonings
 33362 | Vaults:2 | Noticed Donald
 33369 | Vaults:2 | Killed Donald
 34223 | Vaults:2 | Found a runed translucent door.
 34223 | Vaults:2 | Noticed Lofupn's ghost (adept SpEn)
 34237 | Vaults:2 | Killed Lofupn's ghost
 34237 | Vaults:2 | Reached skill level 17 in Axes
 34239 | Vaults:2 | Identified the amulet of the Everdark {Reflect Int+2 SH+5}
                  | (You found it on level 2 of the Vaults)
 34294 | Vaults:3 | Reached skill level 5 in Translocations
 34483 | Vaults:3 | Found a staircase to the Crypt.
 34483 | Vaults:3 | Found a basalt altar of Yredelemnul.
 34484 | Vaults:3 | Found an ancient bone altar of Kikubaaqudgha.
 34745 | Vaults:3 | Found a blossoming altar of Fedhas.
 35640 | Vaults:4 | Noticed Agnes
 35641 | Vaults:4 | Noticed Frederick
 35645 | Vaults:4 | Killed Agnes
 35645 | Vaults:4 | Reached XP level 21. HP: 110/156 MP: 32/32
 35654 | Vaults:4 | Killed Frederick
 36432 | Elf:1    | Entered Level 1 of the Elven Halls
 37044 | Elf:1    | Found Yduf's Weapon Shoppe.
 37056 | Elf:1    | Bought 8 atropa-tipped darts for 57 gold pieces
 37933 | Elf:2    | Found Noemm's Food Shoppe.
 37999 | Elf:2    | Found a huge runed translucent gate.
 37999 | Elf:2    | Found a huge runed translucent gate.
 37999 | Elf:2    | Found a huge runed translucent gate.
 38003 | Elf:2    | Found a huge runed translucent gate.
 38005 | Elf:2    | Found a huge runed translucent gate.
 38419 | Elf:2    | Found a bloodstained altar of Trog.
 38476 | Elf:3    | Entered Level 3 of the Elven Halls
 38569 | Elf:3    | Reached XP level 22. HP: 164/164 MP: 34/34
 38927 | Elf:3    | Reached skill level 18 in Axes
 38947 | Elf:3    | Found Johaywk's Gadget Boutique.
 38948 | Elf:3    | Found Archupn's Jewellery Shoppe.
 38948 | Elf:3    | Found Guvypete's Jewellery Shoppe.
 39423 | Elf:3    | HP: 1/164 [ghostly deep elf death mage/vampiric draining
                  | (36)]
 39428 | Elf:3    | Killed from afar by a deep elf mage

Illustrated notes

Levels and vault maps discovered:
D:1:      dpeg_arrival_windows_large_door, layout_basic
D:2:      layout_rooms, first_ration
D:3:      layout_basic, marbit_many_paths
D:4:      layout_basic, nicolae_overflow_crystal_walls
D:5:      minmay_diamond_boxcup, layout_loops_ring, basic_altar
D:6:      nicolae_whirlpool, layout_basic, vehumet_crystals, serial_shops, shop,
          fountainhead, serial_bayou_lagoon_a, chequers_serial_rivers_micro_e,
          uniq_prince_ribbit1
D:7:      layout_basic, minmay_temple_entry_antechambers,
          uniq_crazy_yiuf_cottage
D:8:      layout_loops_corners, kennysheep_mini_moat, erik_lair_dragon,
          uniq_psyche
D:9:      layout_rooms, serial_ice, serial_ice_a, serial_ice_e, serial_ice_g,
          serial_ice_i, serial_ice_c, serial_ice_n, serial_ice_b, uniq_grum
D:10:     layout_small_grid, hangedman_fish_farm, nrook_uturn, minivault_12,
          uniq_gastronok, uniq_sonja
D:11:     layout_layer_cave, hiddenorc1_lemuel, serial_shops, statue_bzr,
          uniq_nergalle
D:12:     layout_small_grid, grunt_ministairs_6, uniq_jorgrun
D:13:     layout_basic, david_vaults_2, serial_shops, shop, st_stairs_9,
          minmay_joined_circles, uniq_rupert
D:14:     layout_gridville, dk_noncrumbling_4, enter_trove_2, st_stairs_9,
          minmay_fire_ice_demons
D:15:     grunt_enter_depths_giant_problem, layout_layer_cave,
          gammafunk_ghost_grave, chequers_serial_rivers_micro_b
Temple:   dpeg_five_rooms_temple
Lair:1:   layout_loops_ring, grunt_megastairs_4, infiniplex_staircase_pool,
          lemuel_fruit_fields
Lair:2:   layout_regular_city, elwin_shoals_entry_rooms,
          nicolae_spider_entry_orb_guardian, grunt_megastairs_2,
          minmay_lair_oklob_chamber
Lair:3:   layout_cellular_growth, minivault_19, beast_lair_carwin_2,
          grunt_megastairs_1, serial_bayou_shore_b
Lair:4:   layout_cave_pods, portal_ice_cave_demonic_guard, grunt_megastairs_3
Lair:5:   layout_loops_ring, nicolae_slime_entry_slimehenge
Lair:6:   minmay_lair_end_enchanted_forest, layout_long_grid,
          chequers_serial_rivers_micro_a, uniq_nessos
Shoals:1: layout_shoals, serial_shops, shop, nicolae_shoals_square_sea_wall
Shoals:2: layout_shoals
Shoals:3: layout_shoals, serial_shops, nicolae_shop_crystal,
          wheals_shoals_ruined_temple, uniq_mara
Shoals:4: shoals_end_hangedman, layout_shoals, nicolae_shoals_isolated_beach
Spider:1: gammafunk_the_bubble [the_bubble_gammafunk_roulette], drop_trap,
          nicolae_spider_webs_and_nodes, nicolae_spider_shape
Spider:2: layout_spider_delve, einodemon_crawler_minivault, uniq_arachne,
          uniq_asterion
Spider:3: layout_spider_delve, spiders_nest_spider_trap
Spider:4: spider_rune_water
Orc:1:    layout_caves
Orc:2:    st_orc_elflike, layout_diamond_mine, serial_shops, shop
Elf:1:    eino_elf_arrival_sip, layout_geoelf_grid, serial_shops, shop,
          hangedman_elf_represent, lemuel_flame_loot_1
Elf:2:    layout_onion_city, serial_shops, shop, drop_trap,
          evilmike_spriggan_trog_shrine
Elf:3:    elf_hall_gauntlet_wide, layout_gridlike, st_stairs_13,
          minmay_shop_grove
Vaults:1: vaults_room_guarded_vault, v_pattern_1, ontoclasm_vaults_ring_small,
          vaults_room_grunt_arrival_checkpoint, v_alt_pattern_6,
          hangedman_vaults_cutoff, v_misc_33, v_misc_12,
          ontoclasm_vaults_ring_square, vaults_mumra_chevron_long,
          nicolae_vaults_little_squares_3, grunt_vaults_diagonal,
          layout_vaults_omnibox, basic_altar
Vaults:2: ebering_vaults_ghost_inner_flame, st_hourglassy,
          vaults_room_door_ring, hangedman_vaults_maws,
          vaults_room_stairs_pillars, nicolae_vaults_little_squares_4,
          v_alt_pattern_3, v_misc_2, dpeg_vaults_monster_box,
          layout_vaults_chaotic_city, uniq_donald
Vaults:3: minmay_crypt_entry_necro_gods, st_lines, vaults_room_boxed,
          nicolae_vaults_triangles, vaults_dpeg_encased_lava,
          layout_vaults_omnigrid, basic_altar
Vaults:4: v_misc_25, nicolae_vaults_network_quincunx
          [nicolae_vaults_network_quincunx_subvault,
          nicolae_vaults_network_quincunx_subvault,
          nicolae_vaults_network_quincunx_subvault,
          nicolae_vaults_network_quincunx_subvault,
          nicolae_vaults_network_quincunx_subvault], v_misc_14, v_misc_23,
          sword_in_stone, v_misc_33, ontoclasm_vaults_ring_square,
          vaults_mumra_lcd, v_misc_3, nicolae_vaults_little_squares_6,
          ontoclasm_vaults_eye, nicolae_vaults_three_branches,
          nicolae_vaults_ring_of_whatevers, v_misc_27, layout_vaults_maze_bifur,
          serial_shops, shop

Skill      XL: |  1  2  3  4  5  6  7  8  9 10 11 12 13 14 15 16 17 18 19 20 21 22 |
---------------+-------------------------------------------------------------------+-----
Fighting       | 3 4 5 6 7 9 10 11 12 13 14 15 16 17 | 17.9
Axes           | 4 5 6 7 9 10 11 12 13 14 15 16 17 18 | 18.0
Dodging        | 5 6 8 10 11 12 13 | 13.9
Shields        | 3 5 7 8 9 10 11 12 13 | 13.7
Invocations    | 4 6 8 9 10 12 13 14 15 16 | 16.7
Stealth        | 3 7 12 15 | 15.9
Throwing       | 5 7 |  7.5
Evocations     | 7 8 |  8.3
Translocations | 3 5 |  5.3
Summonings     | 4 |  4.1

Action                   |  1- 3 |  4- 6 |  7- 9 | 10-12 | 13-15 | 16-18 | 19-21 | 22-24 || total
-------------------------+-------+-------+-------+-------+-------+-------+-------+-------++-------
Melee: War axe           |    61 |    68 |   156 |   321 |   464 |   670 |   661 |    64 ||  2465
       Constrict         |    18 |    22 |    33 |    52 |    77 |   182 |   144 |    17 ||   545
       Tentacles         |    10 |    16 |    28 |    88 |   152 |   206 |   221 |    26 ||   747
       Bite              |       |       |    12 |    65 |    95 |   142 |   163 |    15 ||   492
Throw: Boomerang         |       |       |       |     2 |       |       |       |       ||     2
       Throwing net      |       |       |       |     2 |       |       |       |       ||     2
       Dart              |       |       |       |       |     8 |    13 |     5 |     5 ||    31
 Cast: Apportation       |       |       |       |       |       |     1 |     5 |     2 ||     8
       Lesser Beckoning  |       |       |       |       |       |     1 |     6 |     1 ||     8
       Summon Butterflie |       |       |       |       |       |       |       |     2 ||     2
Invok: Bend Time         |       |       |       |     3 |     1 |       |       |       ||     4
       Slouch            |       |       |       |       |     1 |     3 |       |     2 ||     6
Evoke: Wand              |       |       |    17 |     3 |     9 |    18 |    10 |       ||    57
  Use: Scroll            |     5 |     7 |     9 |     9 |    13 |     8 |    15 |     3 ||    69
       Potion            |       |       |     6 |     1 |     3 |     2 |     1 |     3 ||    16
 Stab: Sleeping          |     6 |     7 |     6 |    25 |    36 |    45 |    53 |     5 ||   183
       Invisible         |       |       |     1 |       |       |       |     1 |     1 ||     3
       Distracted        |       |       |       |     2 |    11 |    13 |     4 |     2 ||    32
       Held in net/web   |       |       |       |     1 |       |       |       |       ||     1
       Petrified         |       |       |       |       |     2 |       |       |       ||     2
       Petrifying        |       |       |       |       |     1 |       |       |       ||     1
  Eat: Chunk             |     2 |     4 |     8 |    11 |     9 |       |       |       ||    34
       Ration            |       |       |     1 |       |     3 |     5 |     5 |       ||    14
Armor: Skin              |     7 |     5 |    31 |    47 |    55 |    60 |    34 |     5 ||   244
Dodge: Dodged            |    51 |    37 |   118 |   173 |   284 |   509 |   392 |    37 ||  1601
Block: Kite shield       |       |       |    26 |   185 |   351 |   598 |   436 |    45 ||  1641
       Reflection        |       |       |       |       |       |       |    25 |     8 ||    33

Table legend:
 A = Non-vault XP
 B = Vault XP
 C = Vault XP percentage of total XP
 D = Non-vault monster count
 E = Vault monster count
 F = Vault count percentage of total count
                 A         B        C        D         E       F
            +---------+---------+-------+---------+---------+-------
      Total |  360465 |  263886 |  42.3 |    1086 |     500 |  31.5
            +---------+---------+-------+---------+---------+-------
        D:1 |      49 |       0 |   0.0 |      27 |       0 |   0.0
        D:2 |      50 |       0 |   0.0 |      19 |       0 |   0.0
        D:3 |      12 |       3 |  20.0 |       7 |       1 |  12.5
        D:4 |     121 |       0 |   0.0 |       8 |       0 |   0.0
        D:5 |     582 |     288 |  33.1 |      15 |       8 |  34.8
        D:6 |    1067 |     604 |  36.1 |      21 |       4 |  16.0
        D:7 |    1357 |      40 |   2.9 |      27 |       1 |   3.6
        D:8 |    1885 |    2086 |  52.5 |      48 |       8 |  14.3
        D:9 |    1408 |    2060 |  59.4 |      17 |      15 |  46.9
       D:10 |    2300 |    3195 |  58.1 |      21 |       3 |  12.5
       D:11 |    6922 |    1027 |  12.9 |      38 |      18 |  32.1
       D:12 |    2421 |    3872 |  61.5 |      12 |       3 |  20.0
       D:13 |    5944 |    7398 |  55.4 |      23 |      16 |  41.0
       D:14 |   10542 |     963 |   8.4 |      38 |      12 |  24.0
       D:15 |   24633 |    1630 |   6.2 |      60 |       1 |   1.6
     Lair:1 |    6466 |       0 |   0.0 |      26 |       0 |   0.0
     Lair:2 |    6534 |    3598 |  35.5 |      27 |       8 |  22.9
     Lair:3 |    5444 |     768 |  12.4 |      18 |       4 |  18.2
     Lair:4 |    4840 |    1129 |  18.9 |      11 |       4 |  26.7
     Lair:5 |     299 |     219 |  42.3 |       2 |       6 |  75.0
     Lair:6 |   11772 |   10130 |  46.3 |      39 |      39 |  50.0
   Shoals:1 |   12873 |       0 |   0.0 |      27 |       0 |   0.0
   Shoals:2 |   14635 |       0 |   0.0 |      30 |       0 |   0.0
   Shoals:3 |   12275 |   11367 |  48.1 |      31 |       6 |  16.2
   Shoals:4 |   14957 |   16375 |  52.3 |      32 |      30 |  48.4
   Spider:1 |   13517 |   12242 |  47.5 |      36 |      23 |  39.0
   Spider:2 |    9057 |    8180 |  47.5 |      19 |       9 |  32.1
   Spider:3 |   21898 |    3543 |  13.9 |      66 |      10 |  13.2
   Spider:4 |   11041 |   21203 |  65.8 |      33 |      40 |  54.8
      Orc:1 |    2029 |       0 |   0.0 |      22 |       0 |   0.0
      Orc:2 |    4191 |    8397 |  66.7 |      31 |      24 |  43.6
      Elf:1 |    7743 |    8304 |  51.7 |      12 |      11 |  47.8
      Elf:2 |   28285 |   25804 |  47.7 |      46 |      33 |  41.8
      Elf:3 |   21772 |   15471 |  41.5 |      34 |      14 |  29.2
   Vaults:1 |   16048 |   32434 |  66.9 |      30 |      45 |  60.0
   Vaults:2 |   29456 |   21364 |  42.0 |      58 |      27 |  31.8
   Vaults:3 |   25440 |    7945 |  23.8 |      40 |      15 |  27.3
   Vaults:4 |   20600 |   19877 |  49.1 |      35 |      15 |  30.0
      IceCv |       0 |   12370 | 100.0 |       0 |      47 | 100.0
            +---------+---------+-------+---------+---------+-------
